 Dungeon Crawl Stone Soup version 0.21.1-1-g345015f (webtiles) character file.

544 poirepourri the Cleaver (level 7, -6/61 HPs)
             Began as a Deep Dwarf Fighter on July 20, 2018.
             Mangled by an ogre
             ... wielding a +0 giant spiked club
              (14 damage)
             ... on level 4 of the Dungeon.
             The game lasted 00:05:22 (2504 turns).

poirepourri the Cleaver (Deep Dwarf Fighter)        Turns: 2504, Time: 00:05:23

Health: -6/61      AC:  9    Str: 19    XL:     7   Next: 6%
Magic:  6/6        EV:  7    Int:  9    God:
Gold:   112        SH:  9    Dex: 14    Spells: 6/6 levels left

rFire    . . .     SeeInvis .   a - +1 war axe
rCold    . . .     Gourm    .   c - +0 shield
rNeg     . . .     Faith    .   j - +0 scale mail
rPois    +         Spirit   .   (no helmet)
rElec    .         Reflect  .   o - +0 cloak
rCorr    .         Harm     .   p - +0 pair of gloves
MR       +....                  (no boots)
Stlth    ..........             (no amulet)
HPRegen  0.00/turn              l - ring of poison resistance
MPRegen  0.10/turn              (no ring)

@: non-regenerating
A: damage resistance, heal wounds, sense surroundings 1, no regeneration
a: Heal Wounds


You were on level 4 of the Dungeon.
You were very hungry.

You visited 1 branch of the dungeon, and saw 4 of its levels.

You collected 112 gold pieces.

Inventory:

Hand Weapons
 a - a +1 war axe (weapon)
 b - a +0 hunting sling
 h - a cursed -2 mace
Missiles
 k - 67 stones (quivered)
 r - 9 javelins
Armour
 c - a +0 shield (worn)
 j - a +0 scale mail (worn)
 o - a +0 cloak (worn)
 p - a +0 pair of gloves (worn)
Jewellery
 l - a ring of poison resistance (left hand)
Scrolls
 e - a scroll of teleportation
 i - 3 scrolls of remove curse
Potions
 d - a potion of magic
 g - 2 potions of cancellation
 m - 2 potions of resistance
 n - a potion of mutation
 q - a potion of curing {unknown}
Comestibles
 f - 10 rations


   Skills:
 + Level 2.6 Fighting
 - Level 8.5 Axes
 - Level 3.2 Armour
 - Level 3.2 Shields


You had 6 spell levels left.
You didn't know any spells.

Dungeon Overview and Level Annotations

Branches:
Dungeon (4/15)
 Temple: D:4-7

Altars:
Ashenzari
Elyvilon
Fedhas
Nemelex Xobeh
Sif Muna
Vehumet
Wu Jian

Annotations:
D:2 Sigmund


Innate Abilities, Weirdness & Mutations

You are resistant to damage.
You can heal yourself by infusing magical energy.
You passively map a small area around you.
You do not regenerate.


Message History

a - a +1 war axe (weapon)
Throwing (i - inventory. (,) - cycle):
s - 2 tomahawks of dispersal (quivered)
Press: ? - help, Shift-Dir - straight line, f/p - ogre
Aim: an ogre, wielding a giant spiked club (lightly wounded)
You throw a tomahawk of dispersal.
The tomahawk of dispersal hits the ogre.
The ogre blinks!
The ogre is moderately wounded.
Throwing (i - inventory. (,) - cycle):
s - a tomahawk of dispersal (quivered)
Press: ? - help, Shift-Dir - straight line, f/p - ogre
Aim: an ogre, wielding a giant spiked club (moderately wounded)
You throw a tomahawk of dispersal.
The tomahawk of dispersal hits the ogre.
The ogre blinks!
The ogre hits you with a giant spiked club!!
* * * LOW HITPOINT WARNING * * *
Okay, then.
You fail to use your ability.
The ogre hits you with a giant spiked club!
You die...

.........##.##.....
###......#...#..... *
###.....##...##.... #
........#.....#.....#
......).#.)...# ,.#
......##....### ..#
......##...## #.#
......###.#######O.#
####### #>......@.#
#########.# *.# .#
*.# .# *.# .# ,


You could see an ogre.

Vanquished Creatures
  Edmund (D:4)
  Duvessa (D:4)
  Dowan (D:4)
  Crazy Yiuf (D:3)
  Natasha (D:2)
  2 worker ants
  Robin (D:3)
  9 adders
  An ooze (D:2)
  A worm (D:4)
  2 dart slugs
  3 leopard geckos (D:2)
  An orc (D:3)
  4 giant cockroaches
  16 goblins
  10 hobgoblins
  2 jackals (D:3)
  A quokka (D:3)
  4 bats
  3 frilled lizards (D:2)
  6 kobolds
  A leopard gecko skeleton (D:4)
  3 rats
75 creatures vanquished.

Vanquished Creatures (others)
  A quokka (D:2)
  A kobold (D:2)
2 creatures vanquished.

Grand Total: 77 creatures vanquished

Notes
Turn   | Place    | Note
-------+----------+-------------------------------------------
     0 | D:1      | poirepourri the Deep Dwarf Fighter began the quest for the Orb.
     0 | D:1      | Reached XP level 1. HP: 20/20 MP: 1/1
   241 | D:2      | Reached skill level 3 in Axes
   241 | D:2      | Reached XP level 2. HP: 22/27 MP: 2/2
   460 | D:2      | Found a white marble altar of Elyvilon.
   485 | D:2      | Reached skill level 4 in Axes
   485 | D:2      | Reached XP level 3. HP: 25/33 MP: 3/3
   657 | D:2      | Found a blossoming altar of Fedhas.
   677 | D:2      | Reached XP level 4. HP: 20/40 MP: 4/4
   764 | D:2      | Reached skill level 5 in Axes
   828 | D:2      | Noticed Sigmund
  1032 | D:2      | Noticed Natasha
  1043 | D:2      | Killed Natasha
  1274 | D:3      | Found a sparkling altar of Nemelex Xobeh.
  1294 | D:3      | Found a radiant altar of Vehumet.
  1295 | D:3      | Found an ornate altar of the Wu Jian Council.
  1303 | D:3      | Reached XP level 5. HP: 34/46 MP: 4/4
  1364 | D:3      | Noticed Robin
  1373 | D:3      | Killed Robin
  1373 | D:3      | Reached skill level 6 in Axes
  1609 | D:3      | Found a runed door.
  1852 | D:3      | Found a deep blue altar of Sif Muna.
  2033 | D:3      | Noticed Crazy Yiuf
  2037 | D:3      | Killed Crazy Yiuf
  2125 | D:4      | Noticed Duvessa
  2125 | D:4      | Noticed Dowan
  2138 | D:4      | Killed Duvessa
  2138 | D:4      | Reached skill level 7 in Axes
  2138 | D:4      | Reached XP level 6. HP: 41/55 MP: 5/5
  2141 | D:4      | Killed Dowan
  2242 | D:4      | Noticed Edmund
  2263 | D:4      | Killed Edmund
  2263 | D:4      | Reached skill level 8 in Axes
  2263 | D:4      | Reached XP level 7. HP: 38/61 MP: 6/6
  2280 | D:4      | Found a shattered altar of Ashenzari.
  2504 | D:4      | Mangled by an ogre

Skill      XL: |  1  2  3  4  5  6 |
---------------+-------------------+-----
Axes           | 3 4 5 7 8 |  8.5
Fighting       | |  2.6
Armour         | |  3.2
Shields        | |  3.2

Action                   |  1- 3 |  4- 6 |  7- 9 || total
-------------------------+-------+-------+-------++-------
Melee: War axe           |    81 |   160 |    10 ||   251
 Fire: Hunting sling     |    14 |     9 |       ||    23
Throw: Tomahawk          |       |       |     3 ||     3
 Abil: Heal Wounds       |       |     3 |       ||     3
  Use: Scroll            |     8 |     5 |     1 ||    14
       Potion            |       |     3 |       ||     3
  Eat: Ration            |       |     1 |       ||     1
       Chunk             |       |     1 |       ||     1
Armor: Scale mail        |    45 |    76 |     2 ||   123
Dodge: Dodged            |    36 |    48 |     1 ||    85
Block: Shield            |    54 |    87 |     5 ||   146
